 Dungeon Crawl Stone Soup version 0.18.1-50-g88ac8fd (webtiles) character file.

2487 Ilten the Blocker (level 9, 0/54 HPs)
             Began as a Gargoyle Fighter on Apr 2, 2017.
             Was a Believer of Nemelex Xobeh.
             Slain by Zalbag's ghost (10 damage)
             ... on level 6 of the Dungeon on Apr 3, 2017.
             The game lasted 01:02:56 (7922 turns).

Ilten the Blocker (Gargoyle Fighter)                Turns: 7922, Time: 01:02:57

Health: 0/54       AC: 15    Str: 24    XL:     9   Next: 52%
Magic:  10/10      EV: 11    Int:  7    God:    Nemelex Xobeh [**....]
Gold:   382        SH: 13    Dex: 14    Spells: 0 memorised, 8 levels left

rFire  x . .     SeeInvis .     x - +1 trident
rCold  + . .     Gourm    .     b - +1 scale mail
rNeg   + . .     Faith    .     c - +1 shield
rPois  ∞         Spirit   .     (no helmet)
rElec  +         Dismiss  .     y - +0 cloak
rCorr  .         Reflect  .     (no gloves)
SustAt .         Harm     .     (no boots)
MR     .....                    (no amulet)
Stlth  ..........               h - ring of ice
                                i - +4 ring of dexterity

@: not resistant to hostile enchantments, extremely unstealthy
A: negative energy resistance 1, electricity resistance, unbreathing,
petrification resistance, rot immunity, AC +5
a: Renounce Religion


You were on level 6 of the Dungeon.
You worshipped Nemelex Xobeh.
Nemelex Xobeh was pleased with you.
You were not hungry.

You visited 2 branches of the dungeon, and saw 7 of its levels.
You also visited: Sewer.

You collected 382 gold pieces.

Inventory:

Hand Weapons
 a - a +0 flail
 k - a +0 dire flail
 x - a +1 trident (weapon)
 C - a +0 long sword
Armour
 b - a +1 scale mail (worn)
 c - a +1 shield (worn)
 y - a +0 cloak (worn)
Jewellery
 h - a ring of ice (right hand)
 i - a +4 ring of dexterity (left hand)
Wands
 w - a wand of iceblast (1/15)
Scrolls
 g - a scroll of recharging
 j - a scroll of noise {unknown}
 o - 2 scrolls of remove curse
 t - 2 scrolls of fear {unknown}
 z - 7 scrolls of magic mapping
 A - a scroll of identify
 D - a scroll of blinking {unknown}
Potions
 d - a potion of cure mutation {unknown}
 e - a potion of resistance {unknown}
 l - a potion of flight {unknown}
 m - a potion of lignification {unknown}
 n - a potion of invisibility {unknown}
 p - 4 potions of heal wounds {unknown}
 s - 2 potions of agility {unknown}
 v - 2 potions of magic
 F - 4 potions of might
 H - a potion of degeneration {unknown}
Miscellaneous
 B - a plain deck of war {drawn: 4}
 I - a plain deck of war {drawn: 3}
Comestibles
 f - 3 bread rations
 q - 3 fruits
 u - 3 beef jerkies
 E - a royal jelly
 G - 2 meat rations
 J - a slice of pizza


   Skills:
 * Level 5.6 Fighting
   Level 0.3 Short Blades
 + Level 3.0 Maces & Flails
 + Level 3.6 Polearms
 * Level 7.1 Armour
 - Level 4.1 Dodging
 - Level 0.8 Stealth
 + Level 8.2 Shields
 + Level 2.2 Evocations


You had 8 spell levels left.
You didn't know any spells.

Dungeon Overview and Level Annotations

Branches:
Dungeon (6/15)             Temple (1/1) D:5

Altars:
Ashenzari
Cheibriados
Elyvilon
Fedhas
Makhleb
Nemelex Xobeh
Pakellas
Qazlal
Ru
Sif Muna
Vehumet
Xom
Zin
Lugonu

Shops:
D:4 [

Annotations:
D:6 Zalbag's ghost, novice HuMo


Innate Abilities, Weirdness & Mutations

You are resistant to torment.
Your stone body is resilient (AC +5).
You are immune to poison.
You resist negative energy.
You are resistant to electric shocks.
You can survive without breathing.
You are immune to petrification.
You are immune to rotting.


Message History

You closely miss Zalbag's ghost.
Zalbag's ghost is severely damaged.
Zalbag's ghost hits you.
* * * LOW HITPOINT WARNING * * *
You block Zalbag's ghost's attack.
Read which item? (? for menu, Esc to quit)
As you read the scroll labeled YMOTAB KA GAPU, it crumbles to dust.
The creatures around you are filled with an inner flame!
It was a scroll of immolation.
Zalbag's ghost hits you but does no damage.
Drop what? 35/52 slots (_ for help) (? for menu, Esc to quit)
Okay, then.
Drink which item? (? for menu, Esc to quit)
It was a potion of magic.
Magic courses through your body.
Zalbag's ghost hits you but does no damage.
You closely miss Zalbag's ghost.
Zalbag's ghost is severely damaged.
Zalbag's ghost hits you!
You die...
Your body glows with a rainbow of weird colours and disappears.

.........##......^...# ..#≈#.
######...###........######
#.##≈# ##...# #.............
#.#≈#. #....#
#.###..#######.#.≈#.. #...##
#.# ##.# #..≈#... #....####.#
#.# ##≈..# #......##.# #.#
#..≈#≈ #......##.####.#
###..#≈. #......##...@W.#
#.#...#. #......##..#####
#..<#.#. #...#'###......#
#.#...#. #...#.# #.####.# #
#.#...(.
#...#.###.#....###.###.......
#...#..##.#.#..........#.##.#
#...##....#.#.#######....# ..
## #....#.#...^...###..### #
########....#.###.###.##....#


You could see Zalbag's ghost (inner flame).

Vanquished Creatures
  The ghost of 0gre the Cudgeler, a novice MiBe of Trog (D:4)
  A wyvern (D:4)
  The ghost of 0gre the Skirmisher, an amateur MiBe of Trog (Sewer)
  A fire bat (D:4)
  An ice beast (D:5)
  A phantom (D:5)
  A black bear (D:4)
  An ogre (D:4)
  2 centaurs (D:5)
  4 giant frogs
  Blork the orc (D:5)
  2 scorpions (D:4)
  A crimson imp (D:5)
  A centaur skeleton (D:4)
  2 orc priests
  2 orc wizards
  2 iguanas (D:4)
  5 worker ants
  A howler monkey zombie (D:5)
  4 gnolls (D:5)
  2 river rats (Sewer)
  15 adders
  A shadow imp (D:5)
  An adder zombie (D:5)
  4 worms
  2 dart slugs
  3 giant geckos
  11 orcs
  8 giant cockroaches
  5 goblins
  9 hobgoblins
  11 jackals
  10 kobolds
  2 quokkas
  9 ball pythons
  A ball python skeleton (D:5)
  7 bats
  2 giant gecko skeletons (D:4)
  15 giant newts
  23 rats
176 creatures vanquished.

Vanquished Creatures (collateral kills)
  A swamp drake (Sewer)
  An ogre (D:6)
  2 giant frogs
  An iguana (D:5)
  A river rat (Sewer)
  An orc (D:3)
  A goblin (D:3)
  A ball python (Sewer)
  2 rats
11 creatures vanquished.

Vanquished Creatures (others)
  2 iguanas (D:4)
  An adder (Sewer)
  A giant gecko (D:4)
  A bat (Sewer)
  A hobgoblin (Sewer)
  3 giant newts (Sewer)
  A rat (Sewer)
  9 fungi (D:6)
19 creatures vanquished.

Grand Total: 206 creatures vanquished

Notes
Turn   | Place    | Note
--------------------------------------------------------------
     0 | D:1      | Ilten the Gargoyle Fighter began the quest for the Orb.
     0 | D:1      | Reached XP level 1. HP: 14/14 MP: 1/1
   203 | D:1      | Reached XP level 2. HP: 19/19 MP: 2/2
   750 | D:1      | Reached XP level 3. HP: 22/23 MP: 3/3
  1402 | D:2      | Found a sparkling altar of Nemelex Xobeh.
  1414 | D:2      | Reached skill level 4 in Shields
  1426 | D:2      | Became a worshipper of Nemelex Xobeh the Trickster
  1458 | D:2      | Received a gift from Nemelex Xobeh
  1471 | D:2      | Reached XP level 4. HP: 25/29 MP: 4/4
  1995 | D:3      | Reached skill level 1 in Dodging
  2106 | D:3      | Reached XP level 5. HP: 28/33 MP: 5/5
  2964 | D:4      | Received a gift from Nemelex Xobeh
  3026 | D:4      | Reached XP level 6. HP: 25/38 MP: 6/6
  3046 | D:4      | Reached * piety under Nemelex Xobeh
  3230 | D:4      | Found a shimmering altar of Xom.
  3302 | D:4      | Noticed a fire bat
  3302 | D:4      | an ogre changed into a fire bat
  3314 | D:4      | Killed a fire bat
  3314 | D:4      | Reached skill level 5 in Shields
  3314 | D:4      | Reached skill level 1 in Evocations
  3423 | D:4      | Noticed a black bear
  3431 | D:4      | Killed a black bear
  3431 | D:4      | Reached XP level 7. HP: 43/43 MP: 6/8
  3454 | D:4      | Reached skill level 1 in Polearms
  3798 | D:4      | Found a stormy altar of Qazlal.
  4135 | D:4      | Noticed 0gre's ghost (novice MiBe)
  4135 | D:4      | Found a sacrificial altar of Ru.
  4148 | D:4      | Reached skill level 5 in Armour
  4164 | D:4      | Noticed a wyvern
  4164 | D:4      | an ogre changed into a wyvern
  4177 | D:4      | Killed a wyvern
  4177 | D:4      | Reached skill level 6 in Shields
  4177 | D:4      | Reached XP level 8. HP: 30/48 MP: 9/9
  4213 | D:4      | Killed 0gre's ghost
  4611 | D:4      | Found Qiwnyuho's Antique Armour Boutique.
  4937 | D:4      | Received a gift from Nemelex Xobeh
  5202 | D:5      | Entered Level 5 of the Dungeon
  5365 | D:5      | Reached skill level 7 in Shields
  5434 | D:5      | Found a glowing drain.
  5442 | Sewer    | Entered a sewer
  5482 | Sewer    | Reached ** piety under Nemelex Xobeh
  5652 | Sewer    | Noticed 0gre's ghost (amateur MiBe)
  5680 | Sewer    | Killed 0gre's ghost
  5680 | Sewer    | Reached skill level 5 in Fighting
  5680 | Sewer    | Reached XP level 9. HP: 18/54 MP: 10/10
  6291 | D:5      | Found a staircase to the Ecumenical Temple.
  6502 | Temple   | Entered the Ecumenical Temple
  6808 | D:5      | Noticed Blork the orc
  6814 | D:5      | Killed Blork the orc
  6939 | D:5      | Received a gift from Nemelex Xobeh
  6969 | D:5      | Reached skill level 8 in Shields
  7461 | D:6      | Noticed Zalbag's ghost (novice HuMo)
  7484 | D:6      | Noticed a white ugly thing
  7911 | D:6      | Drew Focus: Str increased to 24, Int decreased to 7
  7922 | D:6      | Slain by Zalbag's ghost

Skill      XL: |  1  2  3  4  5  6  7  8  9 |
---------------+----------------------------+-----
Shields        | 4 5 6 7 8 |  8.2
Dodging        | 1 2 3 4 |  4.1
Armour         | 4 5 6 7 |  7.1
Fighting       | 4 5 |  5.6
Maces & Flails | 3 |  3.0
Evocations     | 1 2 |  2.2
Polearms       | 1 3 |  3.6
Short Blades   | |  0.3
Stealth        | |  0.8

Action                   |  1- 3 |  4- 6 |  7- 9 || total
-------------------------+-------+-------+-------++-------
Melee: Flail             |    79 |    99 |       ||   178
       Short sword       |   122 |       |       ||   122
       Trident           |       |    98 |   561 ||   659
Evoke: Deck              |     1 |    11 |    18 ||    30
       Wand              |       |       |     1 ||     1
  Use: Scroll            |     4 |     5 |     4 ||    13
       Potion            |       |       |     2 ||     2
 Stab: Confused          |       |       |     1 ||     1
       Distracted        |       |       |     1 ||     1
  Eat: Chunk             |     2 |     5 |     5 ||    12
       Beef jerky        |       |     1 |     1 ||     2
       Fruit             |       |       |     2 ||     2
       Meat ration       |       |       |     1 ||     1
       Bread ration      |       |       |     1 ||     1
Armor: Scale mail        |   104 |   122 |   309 ||   535
Dodge: Dodged            |    66 |    67 |   276 ||   409
Block: Shield            |   108 |   136 |   451 ||   695
